AoeStats
← Mr. Frog

Arena

505999780Analyzed
3v3 RM · 19d ago on Sep 12, 2026· 38m 48s· 6 players
Game mode
Random Map
Map size
Normal (6 player)
Population
200
Speed
Normal
Resources
Standard
Victory
Conquest
Starting age
Dark Age
Ending age
Imperial Age
RankedLock teamsTeams togetherTeam positionsShared explorationLock speedFull tech treeHidden civsTurbo modeCheats
Victory
Defeat
🇺🇾 Lithuanians · Uruguay
1226
+14
🇨🇦 Goths · Canada
1199
+15
🇨🇦 Celts · Canada
1180
+15
🇺🇸 Spanish · United States
1191
-16
🇺🇸 Persians · United States
1189
-15
🇺🇸 Romans · United States
1140
-13
BarbaNegra
8:22 Loom
10:07 Feudal Age
15:59 Castle Age
13:49 Double-Bit Axe
23:52 Elite Skirmisher
25:35 Fletching
31:05 Imperial Age
34:01 Wheelbarrow
34:08 Padded Archer Armor
36:48 Pikeman
37:29 Squires
ap2wang
0:26 Loom
10:32 Feudal Age
14:21 Castle Age
13:39 Double-Bit Axe
15:25 Wheelbarrow
17:03 Bow Saw
22:12 Horse Collar
24:45 Heavy Plow
32:11 Imperial Age
29:19 Man-at-Arms
29:49 Pikeman
30:31 Squires
30:32 Scale Mail Armor
30:42 Forging
30:39 Gold Mining
30:24 Long Swordsman
31:52 Chain Mail Armor
33:22 Iron Casting
32:52 Perfusion
32:17 Two-Handed Swordsman
32:59 Champion
35:19 Halberdier
35:25 Halberdier
37:35 Blast Furnace
anthony.tourigny66
11:04 Feudal Age
15:44 Castle Age
14:21 Double-Bit Axe
14:23 Horse Collar
16:39 Bow Saw
16:31 Heavy Plow
18:28 Wheelbarrow
22:28 Scale Mail Armor
26:13 Chain Mail Armor
29:41 Gold Mining
31:27 Gold Shaft Mining
31:31 Hand Cart
35:59 Imperial Age
34:01 Town Watch
35:07 Forging
36:10 Capped Ram
37:58 Iron Casting
39:13 Chemistry
37:42 Siege Ram
38:19 Pikeman
38:35 Heavy Scorpion
Mr. Frog
10:19 Feudal Age
11:52 Loom
14:39 Castle Age
13:00 Double-Bit Axe
14:14 Double-Bit Axe
22:39 Horse Collar
24:00 Bloodlines
25:22 Wheelbarrow
25:25 Padded Archer Armor
30:08 Bow Saw
37:49 Imperial Age
35:37 Town Watch
35:19 Light Cavalry
36:08 Scale Barding Armor
36:14 Forging
36:05 Husbandry
getdeaded
7:57 Loom
8:19 Loom
10:04 Feudal Age
11:30 Double-Bit Axe
15:29 Wheelbarrow
17:52 Castle Age
16:07 Horse Collar
17:29 Man-at-Arms
18:13 Scale Mail Armor
18:25 Forging
18:38 Long Swordsman
20:57 Squires
24:23 Chain Mail Armor
27:59 Padded Archer Armor
27:21 Elite Skirmisher
28:24 Stone Mining
30:01 Iron Casting
32:08 Gold Mining
33:00 Murder Holes
36:02 Imperial Age
33:28 Fletching
34:06 Bow Saw
34:01 Heavy Plow
35:29 Ballistas
35:25 Bodkin Arrow
35:19 Pikeman
36:18 Leather Archer Armor
36:51 Scale Barding Armor
37:11 Conscription
37:43 Legionary
terlet water
4:50 Loom
10:13 Feudal Age
15:35 Castle Age
14:30 Double-Bit Axe
17:08 Husbandry
16:31 Light Cavalry
17:18 Scale Barding Armor
17:50 Bow Saw
17:24 Horse Collar
18:19 Bow Saw
18:56 Heavy Plow
19:41 Bloodlines
19:33 Husbandry
23:41 Bloodlines
26:14 Wheelbarrow
25:28 Town Watch
26:28 Fervor
26:59 Chain Barding Armor
29:01 Forging
29:45 Hand Cart
31:43 Iron Casting
34:05 Imperial Age
33:55 Fletching
33:51 Cavalier
35:08 Plate Barding Armor
35:44 Ballistics
37:07 Blast Furnace
36:18 Gold Mining
36:19 Stone Mining
36:56 Bodkin Arrow
38:02 Chemistry
37:26 Savar
Connection lost

Rejoining the realm…

Still unreachable

The connection could not be restored.

Session expired

The server has moved on; the page needs a fresh start.